 Dungeon Crawl Stone Soup version 0.27-a0-789-g6bb3289e1e (webtiles) character file.

Game seed: 8986010044059504570

63 rageheart7 the Chiller (level 3, -3/19 HPs)
             Began as a Deep Elf Ice Elementalist on Mar 26, 2021.
             Slain by Sigmund
             ... wielding a +0 scythe
              (9 damage)
             ... on level 3 of the Dungeon.
             The game lasted 00:04:52 (3372 turns).

rageheart7 the Chiller (Deep Elf Ice Elementalist)  Turns: 3372, Time: 00:04:53

Health: -3/19      AC: 10    Str:  5    XL:     3   Next: 89%
Magic:  2/10       EV: 12    Int: 26    God:
Gold:   61         SH:  0    Dex: 15    Spells: 6/10 levels left

rFire    . . .     SeeInvis .   j - +0 rapier
rCold    . . .     Faith    .   (no shield)
rNeg     . . .     Spirit   .   a - +0 robe
rPois    .         Reflect  .   (no helmet)
rElec    .         Harm     .   b - +0 cloak
rCorr    .         Rampage  .   (no gloves)
Will     .....                  (no boots)
Stlth    ++........             (no amulet)
HPRegen  0.06/turn              i - +6 ring of intelligence
MPRegen  0.12/turn              (no ring)

@: ice-armoured, very slightly contaminated
A: no striking features
a: no special abilities


You were on level 3 of the Dungeon.
You visited 1 branch of the dungeon, and saw 3 of its levels.

You collected 61 gold pieces.

Inventory:

Hand Weapons
 j - a +0 rapier (weapon)
Armour
 a - a +0 robe (worn)
 b - a +0 cloak (worn)
Jewellery
 i - a +6 ring of intelligence (right hand)
Scrolls
 c - a scroll of enchant armour {unknown}
 e - a scroll of brand weapon {unknown}
 f - 2 scrolls of noise {unknown}
 h - 3 scrolls of amnesia {unknown}
Potions
 d - a potion of invisibility {unknown}
 g - 3 potions of brilliance {unknown}
 k - a potion of curing {unknown}


   Skills:
 - Level 2.4 Dodging
 - Level 2.4 Stealth
 * Level 4.3 Spellcasting
 * Level 5.5 Ice Magic


You had 6 spell levels left.
You knew the following spells:

 Your Spells              Type           Power      Damage    Failure   Level
a - Freeze                Ice            100%       1d11      1%          1
b - Ozocubu's Armour      Ice            34%        N/A       2%          3

Your spell library contained the following spells:

 Spells                   Type           Power      Damage    Failure   Level
 Frozen Ramparts          Ice            68%        1d8       2%          3
 Hailstorm                Conj/Ice       19%        3d6       26%         4
 Summon Ice Beast         Ice/Summ       19%        N/A       26%         4


Dungeon Overview and Level Annotations

Branches:
Dungeon (3/15)

Altars:
Qazlal
The Shining One

Annotations:
D:3 Sigmund


Message History

Found a stone staircase leading up.
You hit the endoplasm.
The endoplasm is almost dead.
The endoplasm hits you but does no damage.
You hit the endoplasm.
You kill the endoplasm!
Found an escape hatch in the ceiling.
There is a stone staircase leading up here.
g - 3 dark potions (gained 1)
Found a mace.
Sigmund shouts!
Sigmund is nearby!
Casting: Freeze (safe; 1% risk of failure)
Confirm with . or Enter, or press ? or * to list all spells.
The spell is quite dangerous to cast (2% risk of failure)!
Continue anyway?
A film of ice covers your body!
Sigmund giggles. "Time to reap what you sow."
Your icy armour will break if you move.
Continue?
Okay, then.
Sigmund points at you and mumbles some strange words.
You resist with some effort. Sigmund casts a spell at you.
The magic dart hits you.
Your icy armour will break if you move.
Continue?
Your icy armour cracks and falls away as you move.
A worm comes into view.
Sigmund casts a spell at himself.
Sigmund flickers and vanishes!
Deactivating autopickup; reactivate with Ctrl-A.
Casting: Ozocubu's Armour (quite dangerous; 2% risk of failure)
Confirm with . or Enter, or press ? or * to list all spells.
The spell is quite dangerous to cast (2% risk of failure)!
Continue anyway?
You miscast Ozocubu's Armour.
You are very lightly contaminated with residual magic.
Nothing appears to happen.
Something hits you!
Casting: Ozocubu's Armour (quite dangerous; 2% risk of failure)
Confirm with . or Enter, or press ? or * to list all spells.
The spell is quite dangerous to cast (2% risk of failure)!
Continue anyway?
A film of ice covers your body! Something hits you!
You die...

..... #####..#
...#.##......### ######.
#......####...# .$.....
#.....## ###.# .....@.
#......## #)##.....(.
#....#####..........
#.#..<..#..##....... ..
##......## ....... ...
#...@...# .......
#.)w.......{..# .......
........................
# .#####......#..##.####
.........<.. ..
.).......##.. .#..>....#
... .###.....##


You could see a worm (asleep).

Vanquished Creatures
  2 dart slugs
  4 bats
  5 endoplasms
  2 giant cockroaches
  6 goblins (D:1)
  2 hobgoblins
  12 jackals (D:1)
  4 quokkas
  2 ball pythons (D:1)
  2 frilled lizards
  4 kobolds
  4 rats
49 creatures vanquished.

Notes
Turn   | Place    | Note
-------+----------+-------------------------------------------
     0 | D:1      | rageheart7 the Deep Elf Ice Elementalist began the quest
                  | for the Orb.
     0 | D:1      | Reached XP level 1. HP: 10/10 MP: 6/6
   357 | D:1      | Reached XP level 2. HP: 15/15 MP: 6/8
   488 | D:1      | Reached skill level 5 in Ice Magic
   862 | D:1      | Reached XP level 3. HP: 10/19 MP: 8/10
  2153 | D:2      | Found a glowing golden altar of the Shining One.
  2991 | D:2      | Found a stormy altar of Qazlal.
  3207 | D:3      | Noticed Sigmund
  3228 | D:3      | Learned a level 3 spell: Ozocubu's Armour
  3372 | D:3      | Slain by Sigmund

Illustrated notes

Levels and vault maps discovered:
D:1:      dpeg_arrival_three_smaller_balls, layout_loops_ring
D:2:      layout_basic, lemuel_coloured_pillars_altar, tso_altar,
          serial_co_window_serial, co_window_paths_a, co_window_corner_a,
          co_window_cross_1, co_window_corner_a, co_window_corner_a,
          co_window_broadway_b, co_window_2corner, co_window_broadway_a,
          co_window_corner_b, co_window_of_opportunity_b, glass_columns_c,
          glass_columns_c, minmay_tetromino_i4
D:3:      layout_rooms, lemuel_crystal_altar, uniq_sigmund

Skill      XL: |  1  2  3 |
---------------+----------+-----
Ice Magic      | 5 |  5.5
Spellcasting   | 4 |  4.3
Dodging        | |  2.4
Stealth        | |  2.4

Action                   || total
-------------------------++-------
Melee: Unarmed           ||    17
       Dagger            ||    46
       Rapier            ||    11
 Cast: Freeze            ||    53
       Ozocubu's Armour  ||     2
 Stab: Sleeping          ||     7
Armor: Robe              ||    33
Dodge: Dodged            ||    74

Table legend: (Time is in decaauts)
 A = Elapsed time spent in this place.
 B = Non-inter-level travel time spent in this place.
 C = Inter-level travel time spent in this place.
 D = Time resting spent in this place.
 E = Time spent auto-exploring this place.
 F = Levels seen in this place.
 G = Mean time per level.
                   A        B        C        D        E       F      G
               +--------+--------+--------+--------+--------+-----+--------+
         Total |   3372 |   3317 |     55 |    763 |   2214 |   3 | 1124.0 |
       Dungeon |   3372 |   3317 |     55 |    763 |   2214 |   3 | 1124.0 |
               +--------+--------+--------+--------+--------+-----+--------+

Top non-repeatable levels by time:
     D:1: 1815 daAuts
     D:2: 1362 daAuts
     D:3: 194 daAuts
